[ AOE2 MATCH · #493730134 ]
UnrankedBritons vs Hindustanis
Player's team · LOSS
[ REPLAY ANALYSIS · EXTRACTED FROM THE RECORDED GAME ]
Feudal
11:20
Castle
14:50
Imperial
35:45
| APM avg | 120.2 |
| APM peak | 183 |
| eAPM avg | 83.5 |
| Villagers / military | 144 / 228 |
Focus
⚔️ 69.4% · 🌾 30.6%
Longbowman ×119 · Militia ×101 · Fishing Ship ×12 · Trebuchet (Packed) ×4 · Monk ×2 · Mangonel ×2
Feudal
9:31
Castle
19:33
Imperial
34:17
| APM avg | 58.4 |
| APM peak | 108 |
| eAPM avg | 27.3 |
| Villagers / military | 172 / 175 |
Focus
⚔️ 37.5% · 🌾 62.5%
Ghulam ×125 · Scout Cavalry ×38 · Fishing Ship ×15 · Trebuchet (Packed) ×8 · Armored Elephant ×2 · Monk ×1
Match map
Initial resources + every placement click. Lines = walls · curves = elevation contours. ◆ gold · ⬟ stone · ● berries · ✦ relic · ◌ wall gap
Your base· ✓ Closed at 14:50 · 28t walls · no gate
Gabi's base· ✓ Closed at 19:33 · 68t walls · no gate
Smoothed initial terrain · ◌ = detected wall gap · hover for details
Inputs per minute
— Fukoti - - Gabi
Build order — Fukoti
First 150 of 616 actions detected
| 0:00 | Queue | Villager (Male) |
| 0:00 | Queue | Villager (Male) |
| 0:01 | Build | House |
| 0:02 | Build | House |
| 0:02 | Queue | Villager (Male) |
| 0:05 | Queue | Villager (Male) |
| 1:06 | Queue | Villager (Male) |
| 1:30 | Queue | Villager (Male) |
| 1:43 | Build | Lumber Camp |
| 1:56 | Queue | Villager (Male) |
| 2:15 | Queue | Villager (Male) |
| 2:41 | Queue | Villager (Male) |
| 3:01 | Queue | Villager (Male) |
| 3:09 | Build | House |
| 3:10 | Build | Palisade Wall |
| 3:23 | Queue | Villager (Male) |
| 3:23 | Queue | Villager (Male) |
| 3:53 | Queue | Villager (Male) |
| 3:53 | Queue | Villager (Male) |
| 4:18 | Queue | Villager (Male) |
| 4:18 | Queue | Villager (Male) |
| 4:32 | Queue | Villager (Male) |
| 4:50 | Build | Dock |
| 4:54 | Queue | Villager (Male) |
| 4:54 | Queue | Villager (Male) |
| 5:18 | Build | House |
| 5:22 | Build | Palisade Wall |
| 5:41 | Queue | Fishing Ship |
| 5:41 | Queue | Fishing Ship |
| 6:06 | Queue | Villager (Male) |
| 6:19 | Queue | Fishing Ship |
| 6:36 | Queue | Villager (Male) |
| 6:49 | Build | House |
| 6:51 | Build | Palisade Wall |
| 6:57 | Queue | Villager (Male) |
| 7:03 | Queue | Fishing Ship |
| 7:19 | Queue | Villager (Male) |
| 7:40 | Build | House |
| 7:42 | Queue | Villager (Male) |
| 7:47 | Queue | Fishing Ship |
| 8:01 | Build | Mill |
| 8:07 | Build | House |
| 8:15 | Queue | Villager (Male) |
| 8:22 | Queue | Villager (Male) |
| 8:42 | Build | House |
| 8:59 | Research | Feudal Age |
| 8:59 | Research | Feudal Age |
| 9:01 | Queue | Fishing Ship |
| 9:18 | Build | Mining Camp |
| 9:29 | Queue | Villager (Male) |
| 9:29 | Queue | Villager (Male) |
| 9:55 | Queue | Fishing Ship |
| 11:20 | Age | Feudal Age |
| 11:21 | Build | Market |
| 11:23 | Build | Blacksmith |
| 11:51 | Build | Mining Camp |
| 12:07 | Research | Castle Age |
| 12:07 | Research | Castle Age |
| 12:10 | Research | Double-Bit Axe |
| 12:10 | Research | Double-Bit Axe |
| 12:29 | Build | House |
| 12:48 | Build | House |
| 13:07 | Research | Gold Mining |
| 13:10 | Queue | Fishing Ship |
| 13:13 | Research | Fletching |
| 13:13 | Research | Fletching |
| 13:16 | Build | House |
| 13:20 | Queue | Villager (Male) |
| 13:21 | Queue | Villager (Male) |
| 13:36 | Build | House |
| 13:49 | Build | Palisade Wall |
| 13:50 | Build | Palisade Wall |
| 13:54 | Queue | Fishing Ship |
| 14:23 | Queue | Fishing Ship |
| 14:29 | Build | House |
| 14:41 | Build | House |
| 14:50 | Age | Castle Age |
| 15:08 | Build | Castle |
| 15:09 | Research | Bodkin Arrow |
| 15:09 | Research | Bodkin Arrow |
| 15:14 | Queue | Villager (Male) |
| 15:17 | Build | Monastery |
| 15:19 | Queue | Fishing Ship |
| 15:29 | Queue | Villager (Male) |
| 15:42 | Queue | Villager (Male) |
| 15:43 | Queue | Villager (Male) |
| 16:02 | Build | House |
| 16:03 | Build | Palisade Wall |
| 16:04 | Queue | Monk |
| 16:15 | Queue | Villager (Male) |
| 16:23 | Queue | Longbowman |
| 16:24 | Queue | Longbowman |
| 16:24 | Queue | Longbowman |
| 16:35 | Build | Town Center |
| 16:36 | Queue | Villager (Male) |
| 16:46 | Build | Palisade Wall |
| 16:50 | Queue | Villager (Male) |
| 17:02 | Queue | Longbowman |
| 17:02 | Queue | Longbowman |
| 17:12 | Queue | Longbowman |
| 17:29 | Queue | Longbowman |
| 17:30 | Queue | Villager (Male) |
| 17:31 | Queue | Villager (Male) |
| 17:31 | Queue | Villager (Male) |
| 17:53 | Queue | Longbowman |
| 17:58 | Queue | Villager (Male) |
| 18:04 | Queue | Villager (Male) |
| 18:10 | Queue | Longbowman |
| 18:16 | Queue | Longbowman |
| 18:23 | Queue | Villager (Male) |
| 18:24 | Queue | Villager (Male) |
| 18:24 | Queue | Villager (Male) |
| 18:28 | Queue | Fishing Ship |
| 18:37 | Queue | Longbowman |
| 18:48 | Queue | Longbowman |
| 18:49 | Queue | Villager (Male) |
| 18:55 | Queue | Villager (Male) |
| 18:55 | Queue | Villager (Male) |
| 19:01 | Build | Town Center |
| 19:02 | Queue | Longbowman |
| 19:10 | Queue | Villager (Male) |
| 19:12 | Build | University |
| 19:20 | Queue | Longbowman |
| 19:31 | Queue | Villager (Male) |
| 19:32 | Queue | Villager (Male) |
| 19:37 | Queue | Longbowman |
| 19:38 | Queue | Villager (Male) |
| 19:38 | Queue | Villager (Male) |
| 19:41 | Build | House |
| 19:45 | Queue | Longbowman |
| 19:45 | Queue | Longbowman |
| 19:45 | Queue | Longbowman |
| 20:04 | Queue | Longbowman |
| 20:15 | Queue | Longbowman |
| 20:28 | Queue | Longbowman |
| 20:37 | Queue | Longbowman |
| 20:37 | Queue | Villager (Male) |
| 20:38 | Queue | Villager (Male) |
| 20:38 | Queue | Villager (Male) |
| 20:41 | Queue | Longbowman |
| 20:46 | Queue | Monk |
| 20:48 | Build | Farm |
| 20:49 | Build | Farm |
| 20:49 | Queue | Villager (Male) |
| 20:50 | Queue | Longbowman |
| 20:56 | Research | Ballistics |
| 21:04 | Build | House |
| 21:10 | Queue | Longbowman |
| 21:14 | Research | Town Watch |
| 21:15 | Queue | Longbowman |
Build order — Gabi
First 150 of 605 actions detected
| 0:02 | Queue | Villager (Male) |
| 0:02 | Queue | Villager (Male) |
| 0:04 | Build | House |
| 0:05 | Build | House |
| 0:13 | Queue | Villager (Male) |
| 0:50 | Queue | Villager (Male) |
| 1:14 | Build | Lumber Camp |
| 1:30 | Queue | Villager (Male) |
| 1:30 | Queue | Villager (Male) |
| 1:58 | Queue | Villager (Male) |
| 2:20 | Queue | Villager (Male) |
| 2:45 | Queue | Villager (Male) |
| 3:00 | Build | House |
| 3:10 | Queue | Villager (Male) |
| 3:10 | Queue | Villager (Male) |
| 3:37 | Queue | Villager (Male) |
| 3:42 | Build | Dock |
| 4:07 | Queue | Villager (Male) |
| 4:23 | Queue | Fishing Ship |
| 4:30 | Queue | Villager (Male) |
| 4:53 | Queue | Villager (Male) |
| 4:53 | Queue | Villager (Male) |
| 4:54 | Queue | Villager (Male) |
| 5:06 | Build | House |
| 5:09 | Queue | Fishing Ship |
| 5:18 | Queue | Villager (Male) |
| 5:44 | Queue | Villager (Male) |
| 5:46 | Queue | Fishing Ship |
| 6:09 | Build | House |
| 6:28 | Queue | Fishing Ship |
| 6:28 | Queue | Fishing Ship |
| 6:42 | Research | Loom |
| 7:21 | Research | Feudal Age |
| 8:07 | Queue | Fishing Ship |
| 8:19 | Build | Barracks |
| 8:49 | Build | Palisade Wall |
| 9:12 | Queue | Villager (Male) |
| 9:18 | Build | Lumber Camp |
| 9:31 | Age | Feudal Age |
| 9:34 | Queue | Villager (Male) |
| 9:36 | Build | Stable |
| 9:41 | Research | Double-Bit Axe |
| 9:51 | Queue | Villager (Male) |
| 10:10 | Build | House |
| 10:22 | Queue | Villager (Male) |
| 10:23 | Queue | Scout Cavalry |
| 10:23 | Queue | Scout Cavalry |
| 10:32 | Build | House |
| 10:34 | Build | House |
| 10:41 | Queue | Fishing Ship |
| 10:52 | Research | Wheelbarrow |
| 10:57 | Build | House |
| 11:09 | Build | Palisade Wall |
| 11:11 | Queue | Scout Cavalry |
| 11:19 | Build | Mining Camp |
| 11:21 | Queue | Villager (Male) |
| 11:29 | Queue | Scout Cavalry |
| 11:33 | Build | Dock |
| 11:44 | Build | Palisade Wall |
| 12:18 | Queue | Scout Cavalry |
| 12:23 | Queue | Fishing Ship |
| 12:24 | Queue | Fishing Ship |
| 12:29 | Queue | Villager (Male) |
| 12:39 | Queue | Fishing Ship |
| 12:58 | Queue | Scout Cavalry |
| 13:00 | Queue | Villager (Male) |
| 13:07 | Build | Palisade Wall |
| 13:18 | Build | Mill |
| 13:21 | Build | Dock |
| 13:24 | Queue | Fishing Ship |
| 13:26 | Build | House |
| 13:32 | Queue | Villager (Male) |
| 13:39 | Build | Palisade Wall |
| 13:50 | Queue | Villager (Male) |
| 13:55 | Build | Palisade Wall |
| 14:08 | Queue | Fishing Ship |
| 14:13 | Queue | Villager (Male) |
| 14:19 | Build | Palisade Wall |
| 14:30 | Build | House |
| 14:35 | Queue | Fishing Ship |
| 14:36 | Build | House |
| 14:42 | Queue | Villager (Male) |
| 14:50 | Build | Palisade Wall |
| 15:02 | Queue | Villager (Male) |
| 15:11 | Queue | Fishing Ship |
| 15:14 | Queue | Fishing Ship |
| 15:20 | Build | Palisade Wall |
| 15:30 | Queue | Villager (Male) |
| 15:33 | Build | House |
| 15:34 | Build | House |
| 15:43 | Build | House |
| 16:02 | Build | Blacksmith |
| 16:03 | Queue | Villager (Male) |
| 16:19 | Build | House |
| 16:26 | Queue | Villager (Male) |
| 16:33 | Build | House |
| 16:44 | Research | Castle Age |
| 16:50 | Queue | Scout Cavalry |
| 16:54 | Build | House |
| 16:55 | Build | House |
| 17:02 | Research | Forging |
| 17:05 | Research | Scale Barding Armor |
| 17:15 | Build | Fish Trap |
| 17:44 | Queue | Scout Cavalry |
| 17:52 | Build | House |
| 17:58 | Research | Forging |
| 18:14 | Build | Fish Trap |
| 18:17 | Build | Fish Trap |
| 18:23 | Research | Bloodlines |
| 18:31 | Queue | Scout Cavalry |
| 18:33 | Build | House |
| 18:54 | Build | House |
| 19:33 | Age | Castle Age |
| 19:35 | Research | Light Cavalry (upgrade) |
| 19:38 | Queue | Villager (Male) |
| 19:39 | Build | Town Center |
| 19:46 | Build | Town Center |
| 20:00 | Research | Chain Barding Armor |
| 20:01 | Queue | Villager (Male) |
| 20:02 | Research | Bow Saw |
| 20:04 | Research | Horse Collar |
| 20:22 | Queue | Villager (Male) |
| 20:32 | Queue | Villager (Male) |
| 20:40 | Queue | Villager (Male) |
| 20:47 | Queue | Villager (Male) |
| 20:51 | Build | Farm |
| 20:52 | Build | Farm |
| 20:53 | Build | Farm |
| 20:58 | Queue | Villager (Male) |
| 21:02 | Build | House |
| 21:06 | Queue | Scout Cavalry |
| 21:08 | Queue | Villager (Male) |
| 21:10 | Build | Farm |
| 21:11 | Queue | Villager (Male) |
| 21:14 | Build | Farm |
| 21:16 | Build | Farm |
| 21:20 | Queue | Villager (Male) |
| 21:22 | Build | House |
| 21:26 | Build | Farm |
| 21:42 | Queue | Villager (Male) |
| 21:47 | Build | Fish Trap |
| 21:48 | Build | Fish Trap |
| 21:53 | Build | Fish Trap |
| 21:54 | Queue | Villager (Male) |
| 21:54 | Queue | Villager (Male) |
| 21:59 | Queue | Villager (Male) |
| 22:01 | Build | House |
| 22:04 | Queue | Villager (Male) |
| 22:06 | Build | Farm |
| 22:08 | Build | Farm |
Match timeline
| 3:10 | Fukoti · wall_segment Palisade Wall x7 |
| 3:42 | Gabi · first_building Dock |
| 4:50 | Fukoti · first_building Dock |
| 5:22 | Fukoti · wall_segment Palisade Wall x9 |
| 6:51 | Fukoti · wall_segment Palisade Wall x10 |
| 8:19 | Gabi · first_building Barracks |
| 8:49 | Gabi · wall_segment Palisade Wall x5 |
| 9:31 | Gabi · age_up feudal |
| 9:36 | Gabi · first_building Stable |
| 11:09 | Gabi · wall_segment Palisade Wall x3 |
| 11:20 | Fukoti · age_up feudal |
| 11:44 | Gabi · wall_segment Palisade Wall x20 |
| 13:07 | Gabi · wall_segment Palisade Wall x3 |
| 13:39 | Gabi · wall_segment Palisade Wall x16 |
| 13:49 | Fukoti · wall_segment Palisade Wall x1 |
| 13:50 | Fukoti · wall_segment Palisade Wall x1 |
| 13:55 | Gabi · wall_segment Palisade Wall x12 |
| 14:19 | Gabi · wall_segment Palisade Wall x8 |
| 14:50 | Gabi · wall_segment Palisade Wall x2 |
| 14:50 | Fukoti · age_up castle |
| 15:08 | Fukoti · first_building Castle |
| 15:17 | Fukoti · first_building Monastery |
| 15:20 | Gabi · wall_segment Palisade Wall x4 |
| 16:03 | Fukoti · wall_segment Palisade Wall x3 |
| 16:46 | Fukoti · wall_segment Palisade Wall x1 |
| 19:33 | Gabi · age_up castle |
| 22:22 | Gabi · wall_segment Stone Wall x6 |
| 22:58 | Gabi · first_building Siege Workshop |
| 23:31 | Gabi · wall_segment Stone Wall x1 |
| 24:53 | Fukoti · first_building Siege Workshop |
| 26:10 | Fukoti · first_market_buy 100 stone |
| 26:18 | Gabi · first_building Castle |
| 26:58 | Gabi · first_market_buy 100 food |
| 28:53 | Gabi · first_building Monastery |
| 29:17 | Fukoti · first_building Barracks |
| 30:35 | Gabi · first_market_sell 100 wood |
| 32:22 | Fukoti · first_market_sell 100 wood |
| 34:17 | Gabi · age_up imperial |
| 35:45 | Fukoti · age_up imperial |
| 36:07 | Gabi · wall_segment Stone Wall x1 |
| 36:09 | Gabi · wall_segment Stone Wall x7 |
| 36:15 | Gabi · wall_segment Stone Wall x1 |
| 37:19 | Gabi · first_building Archery Range |
| 44:32 | Gabi · wall_segment Stone Wall x17 |
| 45:31 | Gabi · wall_segment Stone Wall x11 |
| 46:35 | Fukoti · resign |
[ AI ANALYSIS · 1 CREDIT ]
What really happened in this match?
Wolo.gg analyzes every decision: build order, eco, micro, common mistakes by bracket. Personalized analysis on WhatsApp or Discord in 30 seconds.
Civ guide
Britons
Perfil
Jugador #262959